 Dungeon Crawl Stone Soup version 0.28.0-43-g3370ac3207 (console) character file.

Game seed: 9601725036583701879

77555 Zeor the Spry (level 15, -25/134 HPs)
             Began as a Merfolk Gladiator on Mar 30, 2022.
             Was a High Priest of the Shining One.
             Annihilated by Rupert
             ... wielding a +4 great mace of protection
              (39 damage)
             ... on level 12 of the Dungeon.
             The game lasted 01:30:29 (21071 turns).

Zeor the Spry (Merfolk Gladiator)                  Turns: 21071, Time: 01:30:30

Health: -25/134    AC: 14    Str: 22    XL:     15   Next: 57%
Magic:  20/21      EV: 28    Int:  8    God:    the Shining One [*****.]
Gold:   1542       SH:  9    Dex: 21    Spells: 14/14 levels left

rFire   . . .      SeeInvis .   a - +0 halberd
rCold   . . .      Faith    .   (shield currently unavailable)
rNeg    + + .      Spirit   .   v - +1 ring mail {rPois}
rPois   +          Reflect  .   c - +1 helmet
rElec   .          Harm     .   G - +1 cloak
rCorr   .          Rampage  .   E - +1 pair of gloves
Will    +....                   (no boots)
Stlth   +.........              t - amulet of regeneration
HPRegen 1.12/turn               T - +6 ring of strength
MPRegen 0.17/turn               n - +4 ring of evasion

@: divinely shielded, glowing
A: (nimble swimmer 2), mertail
a: Renounce Religion, Divine Shield, Cleansing Flame, Summon Divine Warrior


You were on level 12 of the Dungeon.
You worshipped the Shining One.
The Shining One was extremely pleased with you.
You visited 4 branches of the dungeon, and saw 21 of its levels.

You collected 1607 gold pieces.
You spent 65 gold pieces at shops.

Inventory:

Hand Weapons
 a - a +0 halberd (weapon)
 e - a +1 vorpal trident
Missiles
 d - 5 throwing nets
 g - 5 datura-tipped darts
 p - 13 curare-tipped darts
 u - 9 boomerangs (quivered)
Armour
 b - a +0 leather armour of cold resistance
 c - a +1 helmet (worn)
 v - a +1 ring mail of poison resistance (worn)
 E - a +1 pair of gloves (worn)
 G - a +1 cloak (worn)
 Q - the +1 robe "Suew" {rPois rF+ rN++ Int+3}
   (You found it on level 1 of the Lair of Beasts)

   Int:       It affects your intelligence (+3).
   rF:        It protects you from fire.
   rPois:     It protects you from poison.
   rN:        It greatly protects you from negative energy.
Jewellery
 h - a ring of ice
 k - a ring of resist corrosion
 l - a ring of willpower
 n - a +4 ring of evasion (right hand)
 t - an amulet of regeneration (around neck)
 J - an amulet of reflection
 K - a ring of fire
 O - a ring of willpower
 P - a ring of protection from fire
 T - a +6 ring of strength (left hand)
Wands
 m - a wand of digging (11)
 x - a wand of flame (11)
 z - a wand of polymorph (5)
 C - a wand of iceblast (3)
 Y - a wand of acid (6)
Scrolls
 j - 4 scrolls of teleportation
 w - 3 scrolls of blinking
 y - 2 scrolls of amnesia
 F - a scroll of immolation
 L - a scroll of fog
 N - a scroll of fear
 U - a scroll of holy word
 W - a scroll of silence
Potions
 f - 6 potions of curing
 i - a potion of might
 o - 3 potions of ambrosia
 r - 5 potions of flight
 s - a potion of haste
 A - 3 potions of brilliance
 B - a potion of heal wounds
 D - a potion of resistance
 H - 2 potions of mutation
 I - a potion of attraction
 M - a potion of invisibility {unknown}
 S - 2 potions of magic
 X - 2 potions of berserk rage
 Z - 2 potions of cancellation


   Skills:
 + Level 17.5 Fighting
 - Level 16.2 Polearms
 + Level 7.1 Throwing
 - Level 6.1 Armour
 * Level 18.0 Dodging
 - Level 3.6 Stealth
 + Level 1.6 Shields
 * Level 8.7 Invocations


You had 14 spell levels left.
You didn't know any spells.
Your spell library contained the following spells:

 Spells                   Type           Power      Damage    Failure   Level
 Animate Skeleton         Necr           0%         N/A       54%         1
 Apportation              Tloc           0%         N/A       54%         1
 Beastly Appendage        Tmut           0%         N/A       54%         1
 Foxfire                  Conj/Fire      0%         2x1d4     54%         1
 Freeze                   Ice            0%         1d3       54%         1
 Magic Dart               Conj           0%         1d3       54%         1
 Shock                    Conj/Air       0%         1d3       54%         1
 Summon Small Mammal      Summ           0%         N/A       54%         1
 Searing Ray              Conj           0%         2d4       69%         2
 Static Discharge         Conj/Air       0%         N/A       69%         2
 Wereblood                Tmut           0%         N/A       69%         2
 Conjure Flame            Conj/Fire      0%         6-21      89%         3
 Dazzling Flash           Conj/Hex       0%         N/A       89%         3
 Inner Flame              Hex/Fire       0%         N/A       89%         3
 Ozocubu's Armour         Ice            0%         N/A       89%         3
 Spider Form              Tmut/Pois      0%         N/A       89%         3
 Dispel Undead            Necr           0%         3d6       100%        4
 Flame Wave               Conj/Fire      0%         2d4       100%        4
 Fulminant Prism          Conj/Hex       0%         3d6       100%        4
 Iskenderun's Mystic Bla  Conj/Tloc      0%         2d3       100%        4
 Leda's Liquefaction      Hex/Erth       0%         N/A       100%        4
 Sticky Flame             Conj/Fire      0%         2d3       100%        4
 Lee's Rapid Deconstruct  Erth           0%         3d5*      100%        5
 Metabolic Englaciation   Hex/Ice        0%         N/A       100%        5
 Conjure Ball Lightning   Conj/Air       0%         3x3d6     100%        6
 Simulacrum               Ice/Necr       0%         N/A       100%        6
 Starburst                Conj/Fire      0%         6d3       100%        6
 Statue Form              Tmut/Erth      0%         N/A       100%        6
 Discord                  Hex            0%         N/A       100%        8
 Disjunction              Tloc           0%         N/A       100%        8
 Lehudib's Crystal Spear  Conj/Erth      0%         10d2      100%        8
 Chain Lightning          Conj/Air       0%         N/A       100%        9


Dungeon Overview and Level Annotations

Branches:
Dungeon (12/15)            Temple (1/1) D:7            Lair (6/6) D:9
 Shoals (0/4) Lair:4       Spider (0/4) Lair:3          Orc (2/2) D:11
    Elf (0/3) Orc:2
  Slime: Lair:5-6

Altars:
Ashenzari
Cheibriados
Dithmenos
Elyvilon
Fedhas
Gozag
Hepliaklqana
Kikubaaqudgha
Makhleb
Nemelex Xobeh
Okawaru
Qazlal
Ru
Sif Muna
Trog
Uskayaw
Vehumet
Wu Jian
Xom
Yredelemnul
Zin
The Shining One
Beogh

Shops:
D:1 (   D:11 *   Orc:2 *

Annotations:
D:7 2 transporters, WaxSun's ghost, novice FoCK
D:8 2 transporters, Icepheonix32's ghost, novice KoDe
D:10 exclusion: statue
D:12 Rupert
Lair:5 exclusion: 2 oklob plants
Lair:6 exclusion: 2 oklob plants


Innate Abilities, Weirdness & Mutations

((You are very nimble when in or above water. (Stealth+, EV+, Speed+++)))
Your lower body shifts to a powerful aquatic tail in water.


Message History

You hit Rupert.
Rupert is heavily wounded.
Rupert closely misses you.
You puncture Rupert!
Rupert is heavily wounded.
Rupert hits you with a +4 great mace of protection!!
You hit Rupert but do no damage.
Rupert is heavily wounded.
Rupert hits you with a +4 great mace of protection!
You completely miss Rupert.
Rupert is heavily wounded.
Rupert closely misses you.
You hit Rupert but do no damage.
Rupert is heavily wounded.
Rupert misses you.
You completely miss Rupert.
Rupert is heavily wounded.
Rupert completely misses you.
You hit Rupert but do no damage.
Rupert is heavily wounded.
Rupert hits you with a +4 great mace of protection!!!
* * * LOW HITPOINT WARNING * * *
You hit Rupert but do no damage.
Rupert is heavily wounded.
Rupert completely misses you.
You slice Rupert!!
Rupert is severely wounded.
Rupert completely misses you.
You barely miss Rupert.
Rupert is severely wounded.
Rupert completely misses you.
You barely miss Rupert.
Rupert is severely wounded.
You block Rupert's attack.
You hit Rupert.
Rupert is severely wounded.
Rupert hits you with a +4 great mace of protection!!
* * * LOW HITPOINT WARNING * * *
Rupert hits you with a +4 great mace of protection!!!
You die...

▒▒▒∙∙▒▒∙▒∙∙∙∙▒▒▒▒▒▒▒▒▒▒
▒∙∙▒▒∙▒▒▒<∙∙∙∙∙∙∙∙∙∙▒
▒∙∙∙∙∙∙∙▒∙∙∙∙∙∙∙∙∙∙∙▒
▒∙∙∙∙∙∙∙▒∙∙∙∙∙∙∙∙∙∙∙▒
▒∙∙∙∙∙∙∙▒∙∙∙∙∙∙∙∙∙∙∙▒
▒∙▒▒▒∙▒▒▒∙∙∙∙∙∙∙∙∙∙∙▒
▒▒▒∙▒▒▒∙▒▒▒▒▒'▒∙∙∙∙∙∙∙▒
∙∙∙∙∙∙∙∙▒∙∙∙∙∙▒∙∙∙∙∙∙∙▒
∙∙∙∙∙∙∙∙'∙∙∙∙∙▒∙m∙∙∙∙∙▒
∙∙∙∙∙∙∙∙▒∙∙∙∙∙▒∙@∙∙∙∙∙▒
∙∙∙∙∙∙∙∙▒∙∙∙∙∙▒∙∙∙∙∙∙∙▒
∙∙∙∙∙∙∙∙▒∙∙∙∙∙▒∙∙∙(∙∙∙▒
▒∙∙▒▒▒∙▒▒▒▒'▒▒▒∙∙∙(∙∙∙▒
▒▒▒▒▒▒∙▒▒▒∙∙▒▒▒▒▒∙∙∙∙∙▒
▒∙∙††∙∙∙∙∙∙∙∙▒∙∙∙∙∙▒
▒∙∙∙∙∙∙∙∙∙∙∙∙▒∙∙∙(∙▒
▒∙∙∙∙∙∙∙∙∙∙∙∙▒


You could see Rupert (berserk).

Vanquished Creatures
  Snorg (D:11)
  8 hydras
  A boulder beetle (D:12)
  Fannar (Orc:1)
  4 catoblepae
  A centaur warrior (D:9)
  10 two-headed ogres
  An ogre mage (D:12)
  19 death yaks
  An orc high priest (Orc:1)
  A necromancer (Lair:4)
  Pikel (D:6)
  An orc sorcerer (Orc:1)
  3 manticores
  2 cyclopes (D:12)
  2 wolf spiders (Lair:6)
  A merfolk siren (Lair:4)
  10 elephants
  5 black mambas
  A torpor snail (Lair:5)
  An unseen horror (D:12)
  10 cane toads
  2 kobold demonologists
  5 rime drakes
  12 komodo dragons
  2 merfolk (Lair:4)
  A queen bee (D:11)
  Prince Ribbit (D:7)
  A meliai zombie (D:10)
  21 blink frogs
  6 slime creatures (D:12)
  14 dream sheep
  Sigmund (D:3)
  4 jumping spiders (Lair:3)
  5 culicivoras (Lair:3)
  A centaur simulacrum (D:12)
  52 yaks
  4 wyverns
  3 wraiths
  3 redbacks (Lair:3)
  4 basilisks
  3 steam dragons
  8 vampire mosquitoes
  Menkaure (D:4)
  4 acid dragons
  20 water moccasins
  A black bear (Lair:5)
  8 orc warriors
  A sky beast (D:7)
  5 ogres
  22 wolves
  4 centaurs
  A lemure (D:6)
  4 phantoms
  15 kobold brigands
  12 bullfrogs
  2 gnoll sergeants
  A water moccasin zombie (D:3)
  9 killer bees (D:11)
  8 wights
  3 electric eels
  2 howler monkeys (D:9)
  4 centaur zombies
  4 bullfrog zombies
  3 quasits (D:6)
  A jelly (D:4)
  3 centaur skeletons
  4 orc priests
  2 hounds (D:6)
  Terence (D:2)
  3 iguanas
  15 orc wizards
  4 wolf simulacra (Lair:4)
  2 killer bee zombies
  4 yak simulacra (Lair:4)
  Robin (D:3)
  A howler monkey zombie (D:5)
  8 gnolls
  5 adders
  2 white imps
  2 ufetubi
  8 worms
  A dart slug (D:1)
  36 orcs
  9 endoplasms
  3 giant cockroaches
  20 goblins
  11 hobgoblins
  3 jackals (D:1)
  2 quokkas
  6 ball pythons
  5 bats
  7 frilled lizards
  25 kobolds
  7 rats
  3 river rat simulacra (Lair:4)
576 creatures vanquished.

Vanquished Creatures (others)
  A killer bee (D:11)
  2 bushes (Lair:5)
  42 fungi
  69 plants
114 creatures vanquished.

Grand Total: 690 creatures vanquished

Notes
Turn   | Place    | Note
-------+----------+-------------------------------------------
     0 | D:1      | Zeor the Merfolk Gladiator began the quest for the Orb.
     0 | D:1      | Reached XP level 1. HP: 16/16 MP: 1/1
   149 | D:1      | Found Ryluac's Weapon Emporium.
   220 | D:1      | Reached XP level 2. HP: 22/22 MP: 2/2
   351 | D:1      | Reached skill level 5 in Polearms
   369 | D:1      | Reached XP level 3. HP: 24/28 MP: 3/3
  1268 | D:2      | Noticed Terence
  1276 | D:2      | Killed Terence
  1277 | D:2      | Reached XP level 4. HP: 24/34 MP: 4/4
  1693 | D:3      | Reached XP level 5. HP: 9/41 MP: 5/5
  2068 | D:3      | Noticed Sigmund
  2080 | D:3      | Killed Sigmund
  2081 | D:3      | Reached skill level 1 in Armour
  2081 | D:3      | Reached skill level 5 in Dodging
  2081 | D:3      | Reached skill level 1 in Stealth
  2081 | D:3      | Reached XP level 6. HP: 48/48 MP: 6/6
  2134 | D:3      | Noticed Robin
  2145 | D:3      | Killed Robin
  2772 | D:4      | Reached XP level 7. HP: 44/55 MP: 7/7
  2779 | D:4      | Noticed Menkaure
  2791 | D:4      | Killed Menkaure
  3288 | D:4      | Reached skill level 5 in Fighting
  3988 | D:2      | Found a faded altar of an unknown god.
  4309 | D:5      | Entered Level 5 of the Dungeon
  4457 | D:5      | Reached XP level 8. HP: 55/62 MP: 8/8
  4586 | D:5      | Reached skill level 10 in Polearms
  5438 | D:6      | Noticed Pikel
  5471 | D:6      | Killed Pikel
  5472 | D:6      | Reached skill level 6 in Dodging
  5472 | D:6      | Reached XP level 9. HP: 72/72 MP: 9/9
  6124 | D:7      | Found a blossoming altar of Fedhas.
  6187 | D:7      | Noticed Prince Ribbit
  6265 | D:7      | Found a hide-covered altar of Uskayaw.
  6307 | D:7      | Killed Prince Ribbit
  6308 | D:7      | Reached skill level 7 in Dodging
  6619 | D:7      | Reached XP level 10. HP: 70/82 MP: 10/10
  6661 | D:7      | Found a transporter.
  6681 | D:7      | Found a transporter.
  6691 | D:7      | Noticed WaxSun's ghost (novice FoCK)
  6936 | D:7      | Found a staircase to the Ecumenical Temple.
  6959 | Temple   | Entered the Ecumenical Temple
  7197 | Temple   | Became a worshipper of the Shining One
  7314 | D:8      | Noticed a two-headed ogre
  7344 | D:8      | Killed a two-headed ogre
  7392 | D:8      | Noticed a centaur warrior
  7481 | D:8      | Noticed a two-headed ogre
  7500 | D:8      | Killed a two-headed ogre
  7670 | D:8      | Reached skill level 8 in Dodging
  7736 | D:8      | Noticed Icepheonix32's ghost (novice KoDe)
  7748 | D:8      | Found a transporter.
  7753 | D:8      | Found a transporter.
  7789 | D:8      | Noticed a two-headed ogre
  7803 | D:8      | Killed a two-headed ogre
  7804 | D:8      | Reached skill level 10 in Fighting
  8005 | D:9      | Noticed a centaur warrior
  8005 | D:9      | Noticed a two-headed ogre
  8025 | D:9      | Killed a centaur warrior
  8049 | D:9      | Found a staircase to the Lair.
  8067 | D:9      | Killed a two-headed ogre
  8068 | D:9      | Reached skill level 9 in Dodging
  8068 | D:9      | Reached XP level 11. HP: 82/92 MP: 11/11
  8445 | D:9      | Found an opulent altar of Gozag.
  8447 | D:9      | Found a bloodstained altar of Trog.
  8447 | D:9      | Found an ancient bone altar of Kikubaaqudgha.
  8717 | D:9      | Found an iron altar of Okawaru.
  8719 | D:9      | Reached * piety under the Shining One
  8755 | D:9      | Found a sacrificial altar of Ru.
  8910 | Lair:1   | Entered Level 1 of the Lair of Beasts
  9273 | Lair:1   | Identified the +2 robe "Yfyruunn" {Harm rC- Will+ Int+3}
  9415 | Lair:1   | Identified the +1 robe "Suew" {rPois rF+ rN++ Int+3}
  9460 | Lair:1   | Reached skill level 5 in Armour
  9682 | Lair:2   | Reached skill level 5 in Throwing
  9734 | Lair:2   | Noticed a death yak
  9735 | Lair:2   | Noticed a death yak
  9738 | Lair:2   | Noticed a death yak
  9772 | Lair:2   | Killed a death yak
  9777 | Lair:2   | Killed a death yak
  9778 | Lair:2   | Reached skill level 10 in Dodging
  9789 | Lair:2   | Killed a death yak
  9870 | Lair:2   | You fall into a shaft and drop 2 floors!
  9880 | Lair:4   | Reached XP level 12. HP: 93/103 MP: 12/12
 10260 | Lair:3   | Got the Almanac of Aerial Earth
 10435 | Lair:2   | Noticed a four-headed hydra
 10445 | Lair:2   | Killed a four-headed hydra
 10656 | Lair:2   | Noticed a six-headed hydra
 10670 | Lair:2   | Killed a six-headed hydra
 10704 | Lair:2   | Reached skill level 11 in Dodging
 10897 | Lair:2   | Reached skill level 1 in Invocations
 11359 | Lair:3   | Reached ** piety under the Shining One
 11360 | Lair:3   | Found a hole to the Spider Nest.
 11465 | Lair:3   | Reached skill level 12 in Dodging
 11681 | Lair:3   | Reached skill level 1 in Shields
 11681 | Lair:3   | Reached XP level 13. HP: 70/113 MP: 15/15
 12287 | Lair:4   | Found a staircase to the Shoals.
 12298 | Lair:4   | Reached skill level 13 in Dodging
 12861 | Lair:4   | Identified the +5 chain mail of Rationality {rF++ rN+ Dex-4
                  | SInv}
 13033 | Lair:4   | Reached *** piety under the Shining One
 13320 | Lair:5   | Reached skill level 14 in Dodging
 13695 | Lair:5   | Got the Grimoire of the Glacier and Confrontation
 13877 | Lair:5   | Reached **** piety under the Shining One
 13917 | Lair:5   | Reached skill level 15 in Fighting
 13938 | Lair:5   | Reached skill level 5 in Invocations
 14728 | Lair:6   | Entered Level 6 of the Lair of Beasts
 14762 | Lair:6   | Reached XP level 14. HP: 41/123 MP: 14/18
 14775 | Lair:6   | Reached skill level 15 in Polearms
 14880 | Lair:5   | Reached skill level 15 in Dodging
 15974 | Lair:6   | HP: 4/124 [yak (13)]
 16473 | Lair:6   | Reached skill level 16 in Dodging
 16511 | Lair:6   | HP: 1/125 [wolf spider (18)]
 17631 | Lair:6   | Reached XP level 15. HP: 132/132 MP: 20/20
 17812 | D:10     | Entered Level 10 of the Dungeon
 17996 | D:10     | Found a radiant altar of Vehumet.
 18326 | D:10     | Reached ***** piety under the Shining One
 18553 | D:11     | Noticed Snorg
 18565 | D:11     | Killed Snorg
 18923 | D:11     | Found Heellim's General Store.
 18996 | D:11     | Bought a potion of berserk rage for 65 gold pieces
 19249 | D:11     | Found a staircase to the Orcish Mines.
 19304 | D:11     | Reached skill level 17 in Dodging
 19691 | Orc:1    | Entered Level 1 of the Orcish Mines
 19691 | Orc:1    | Noticed Fannar
 19722 | Orc:1    | Killed Fannar
 20196 | Orc:2    | Entered Level 2 of the Orcish Mines
 20196 | Orc:2    | Noticed an orc warlord
 20196 | Orc:2    | Found a staircase to the Elven Halls.
 20196 | Orc:2    | Found Noagusut's General Store.
 20977 | D:12     | Reached skill level 18 in Dodging
 21043 | D:12     | Noticed Rupert
 21071 | D:12     | Annihilated by Rupert

Illustrated notes

Levels and vault maps discovered:
D:1:      dpeg_arrival_chambers_temple_mockup, layout_loops_ring, serial_shops,
          shop, serial_glass, glass_columns_a, glass_columns_c,
          serial_bayou_ford_a, kennysheep_small_spiral
D:2:      layout_basic, basic_ecumenical_altar, uniq_terence
D:3:      layout_basic, amcnicky_mini_pool_small, small_statue_intersection,
          minmay_misc_feat_four_crosses, uniq_sigmund, uniq_robin
D:4:      layout_basic, minmay_splitting_lines, corexii_shack, uniq_menkaure
D:5:      layout_cave_pods
D:6:      cheibrodos_quashed, layout_basic, serial_glass, glass_columns_b,
          glass_columns_a, uniq_pikel
D:7:      layout_basic, mainiacjoe_overflow_tiny_flanked,
          eat_drink_and_be_merry_uskayaw, minmay_temple_entry_drinking_statues,
          gammafunk_ghost_stat_death, nicolae_concentric_dashed_squares_wild,
          kennysheep_generic_room_9, uniq_prince_ribbit1
D:8:      layout_rooms, gammafunk_ghost_hive, grunt_ministairs_14,
          kennysheep_island_fort
D:9:      layout_loops_ring, chequers_temple_overflow_statue_of_worship,
          mainiacjoe_overflow_large_starburst, lair_entry_dummy,
          roderic_lattice_a, minmay_misc_feat_rows
D:10:     layout_loops_ring, vehumet_statue
D:11:     layout_loops_ring, orc_0_dummy, special_room [special_room_kobold],
          serial_shops, nicolae_inconvenience_store, minmay_misc_feat_tiny,
          hangedman_abyss_or_decor_stabs, hive_lemuel, uniq_snorg
D:12:     layout_gridville, minmay_increasing_density, uniq_rupert
Temple:   dpeg_chambers_temple
Lair:1:   layout_roguey, minmay_holes, serial_bayou_lagoon_b, grunt_megastairs_3
Lair:2:   layout_roguey, serial_bayou_pond_c, st_stairs_5,
          infiniplex_staircase_pool_2
Lair:3:   layout_loops_ring, nicolae_spider_entry_tight_spaces,
          beast_lair_carwin_2
Lair:4:   layout_cave_pods, elwin_shoals_entry_rooms, eino_house_with_fridge,
          grunt_megastairs_1, infiniplex_staircase_pool
Lair:5:   layout_gridlike, dpeg_oklob_1
Lair:6:   evilmike_catoblepas_cave, layout_cellular_growth,
          minmay_slime_entry_oklob_enclosed, nicolae_lair_run_with_the_wolves,
          grunt_megastairs_4
Orc:1:    layout_caves, kennysheep_orc_chapel, uniq_erica, uniq_fannar
Orc:2:    grunt_orc_gardens, layout_caves, grunt_orc_garden, grunt_orc_garden,
          grunt_orc_garden, grunt_orc_garden, ebering_ghost_reflecting_pool,
          david_defended_altar_orc, uniq_saint_roka, uniq_erolcha

Skill      XL: |  1  2  3  4  5  6  7  8  9 10 11 12 13 14 15 |
---------------+----------------------------------------------+-----
Polearms       | 5 6 7 8 9 11 13 14 16 | 16.2
Fighting       | 3 4 5 7 8 10 12 14 15 16 17 | 17.5
Armour         | 1 2 3 4 5 6 |  6.1
Dodging        | 5 6 7 9 10 12 14 16 18 | 18.0
Stealth        | 1 2 3 |  3.6
Throwing       | 4 5 6 7 |  7.1
Invocations    | 3 5 7 8 |  8.7
Shields        | 1 |  1.6

Action                   |  1- 3 |  4- 6 |  7- 9 | 10-12 | 13-15 || total
-------------------------+-------+-------+-------+-------+-------++-------
Melee: Trident           |   127 |   146 |   467 |   730 |   430 ||  1900
       Tailslap          |     4 |       |       |     7 |    30 ||    41
       Punch             |     4 |     1 |     5 |    17 |    13 ||    40
       Halberd           |       |       |       |       |  1223 ||  1223
Throw: Throwing net      |     1 |     1 |     1 |       |       ||     3
       Boomerang         |       |       |     7 |     7 |     5 ||    19
       Dart              |       |       |     5 |     5 |     6 ||    16
Invok: Divine Shield     |       |       |       |     2 |     3 ||     5
       Cleansing Flame   |       |       |       |       |     1 ||     1
Evoke: Wand              |       |       |     1 |       |     1 ||     2
  Use: Scroll            |     3 |     4 |    10 |     7 |    11 ||    35
       Potion            |       |       |     6 |     2 |     7 ||    15
 Stab: Sleeping          |     1 |     2 |     3 |       |       ||     6
       Distracted        |     1 |       |     1 |       |       ||     2
       Held in net/web   |       |     1 |       |       |       ||     1
Armor: Leather armour    |    13 |    19 |     8 |       |       ||    40
       Chain mail        |     3 |       |       |       |       ||     3
       Ring mail         |       |       |    68 |    98 |   240 ||   406
Dodge: Dodged            |    58 |    72 |   321 |   375 |  1321 ||  2147
Block: Other             |       |       |       |     9 |    34 ||    43
